 Dungeon Crawl Stone Soup version 0.27-a0-1555-g0e7b3fb1d2 (webtiles) character file.

Game seed: 13179698034497507365

41 Lemonice the Skirmisher (level 3, 0/30 HPs)
             Began as a Formicid Abyssal Knight on July 15, 2021.
             Was a Follower of Lugonu.
             Slain by a goblin (6 damage)
             ... led by Robin
             ... on level 2 of the Dungeon.
             The game lasted 00:01:45 (1205 turns).

Lemonice the Skirmisher (Formicid Abyssal Knight)   Turns: 1205, Time: 00:01:45

Health: 0/30       AC:  3    Str: 17    XL:     3   Next: 75%
Magic:  4/4        EV: 11    Int: 11    God:    Lugonu [*.....]
Gold:   73         SH:  0    Dex: 10    Spells: 2/2 levels left

rFire    . . .     SeeInvis +   a - +1 hand axe
rCold    . . .     Faith    .   (no shield)
rNeg     . . .     Spirit   .   b - +0 leather armour
rPois    .         Reflect  .   (helmet unavailable)
rElec    .         Harm     .   (no cloak)
rCorr    .         Rampage  .   (no gloves)
Will     .....                  (no boots)
Stlth    +.........             (no amulet)
HPRegen  0.10/turn              (no ring)
MPRegen  0.09/turn              (no ring)

@: no status effects
A: permanent stasis, dig shafts and tunnels, antennae 3, four strong arms
a: Dig, Shaft Self, Renounce Religion, Depart the Abyss


You were on level 2 of the Dungeon.
You worshipped Lugonu.
Lugonu was aware of your devotion.
You visited 1 branch of the dungeon, and saw 2 of its levels.
You visited the Abyss 1 time.

You collected 73 gold pieces.

Inventory:

Hand Weapons
 a - a +1 hand axe (weapon)
Armour
 b - a +0 leather armour (worn)
Jewellery
 g - an amulet of guardian spirit
Scrolls
 e - a scroll of identify {unknown}
 f - a scroll of holy word {unknown}
Potions
 c - a potion of might {unknown}
 d - a potion of lignification {unknown}
 h - a potion of flight {unknown}


   Skills:
 + Level 3.8 Fighting
 + Level 2.8 Axes
 + Level 2.6 Armour
 - Level 1.1 Dodging
 + Level 2.4 Invocations


You had 2 spell levels left.
You didn't know any spells.
Your spell library was empty.

Dungeon Overview and Level Annotations

Branches:
Dungeon (2/15)

Altars:

Annotations:
D:2 Robin


Innate Abilities, Weirdness & Mutations

You cannot be hasted, slowed, berserked, paralysed or teleported.
You can dig through walls and to a lower floor.
You have a pair of large antennae on your head. (SInv)
Your four strong arms can wield two-handed weapons with a shield.


Message History

You kill the goblin!
Lugonu accepts your kill.
You hit the hobgoblin. The hobgoblin closely misses you.
You hit the hobgoblin but do no damage.
The hobgoblin is heavily wounded.
The hobgoblin barely misses you.
You hit the hobgoblin.
You kill the hobgoblin!
Lugonu accepts your kill. Robin throws the goblin at you!
You barely miss the goblin. You hit the goblin.
The goblin hits you with a +0 dagger. The goblin barely misses you.
An adder comes into view.
The goblin closely misses you.
You slash the goblin!
You kill the goblin!
Lugonu accepts your kill.
You hit the goblin but do no damage. Robin throws the goblin at you!
The goblin hits you with a +0 club. x2
A frilled lizard comes into view.
The goblin hits you with a +0 club. Robin throws the goblin at you!
You closely miss the goblin. x2
The frilled lizard hisses angrily.
You hit the goblin.
You kill the goblin!
Lugonu accepts your kill. The goblin hits you but does no damage.
The goblin hits you with a +0 club.
You barely miss the goblin. You hit the goblin.
You kill the goblin!
Lugonu accepts your kill.
You miss the goblin. The goblin barely misses you.
The goblin hits you with a +0 club.
* * * LOW HITPOINT WARNING * * *
The goblin closely misses you. The goblin closely misses you.
You see here a +0 club.
Robin throws the goblin at you!
* * * LOW HITPOINT WARNING * * *
The goblin hits you with a +0 club.
You die...

...... #......
.......
##lw.....
#g....... #K#
######.####.#
#....gg.....#
#..)<@S.......
#.....g.....##
#.............
##############


You could see a worm, Robin, an adder, 3 goblins, a kobold and a frilled lizard.

Vanquished Creatures
  A ball python (D:1)
  2 bats (D:1)
  4 endoplasms (D:1)
  4 giant cockroaches
  11 goblins
  2 hobgoblins
  5 kobolds
  A frilled lizard (D:1)
  2 rats (D:1)
32 creatures vanquished.

Notes
Turn   | Place    | Note
-------+----------+-------------------------------------------
     0 | Abyss:1  | Lemonice the Formicid Abyssal Knight began the quest for
                  | the Orb.
     0 | Abyss:1  | Reached XP level 1. HP: 18/18 MP: 2/2
   106 | Abyss:1  | Noticed a small abomination
   113 | Abyss:1  | Noticed a small abomination
   114 | D:1      | Escaped the Abyss
   164 | D:1      | Reached skill level 1 in Dodging
   180 | D:1      | Reached XP level 2. HP: 19/24 MP: 3/3
   279 | D:1      | Reached * piety under Lugonu
   572 | D:1      | Reached XP level 3. HP: 25/30 MP: 4/4
   931 | D:1      | Found a faded altar of an unknown god.
  1181 | D:2      | Noticed Robin
  1205 | D:2      | Slain by a goblin

Illustrated notes

Levels and vault maps discovered:
D:1:      saegor_arrival_simple_d, layout_basic,
          shapermc_ecumenical_altar_petra, glass_columns_a,
          minmay_split_cup_small
D:2:      layout_rooms, uniq_robin

Skill      XL: |  1 |
---------------+----+-----
Dodging        | 1 |  1.1
Fighting       | |  3.8
Axes           | |  2.8
Armour         | |  2.6
Invocations    | |  2.4

Action                   || total
-------------------------++-------
Melee: Hand axe          ||    70
Invok: Depart the Abyss  ||     1
Armor: Leather armour    ||    23
Dodge: Dodged            ||    51

Table legend: (Time is in decaauts)
 A = Elapsed time spent in this place.
 B = Non-inter-level travel time spent in this place.
 C = Inter-level travel time spent in this place.
 D = Time resting spent in this place.
 E = Time spent auto-exploring this place.
 F = Levels seen in this place.
 G = Mean time per level.
                   A        B        C        D        E       F      G
               +--------+--------+--------+--------+--------+-----+--------+
         Total |   1218 |   1204 |     14 |      0 |    972 |   3 |  406.0 |
       Dungeon |   1104 |   1090 |     14 |      0 |    881 |   2 |  552.0 |
         Abyss |    114 |    114 |      0 |      0 |     91 |   1 |  114.0 |
               +--------+--------+--------+--------+--------+-----+--------+

Top non-repeatable levels by time:
     D:1: 1062 daAuts
 Abyss:1: 114 daAuts
     D:2: 42 daAuts
